AoeStats
← Mõõk

Arabia

509907489Analyzed
1v1 RM · 3d ago on Sep 28, 2026· 22m 38s· 2 players
Game mode
Random Map
Map size
Tiny (2 player)
Population
200
Speed
Normal
Resources
Standard
Victory
Conquest
Starting age
Dark Age
Ending age
Imperial Age
RankedLock teamsTeams togetherTeam positionsShared explorationLock speedFull tech treeHidden civsTurbo modeCheats
Victory
Defeat
🇪🇪 Celts · Estonia
1403
+17
🇨🇦 Malians · Canada
1417
-17
Mõõk
7:04 Loom
9:45 Feudal Age
9:51 Man-at-Arms
16:45 Fletching
18:11 Scale Mail Armor
20:20 Castle Age
18:35 Arson
20:48 Gambesons
21:16 Long Swordsman
LinX
4:54 Loom
9:04 Feudal Age
9:53 Double-Bit Axe
14:18 Fletching
17:37 Padded Archer Armor
24:14 Castle Age
22:54 Gold Mining
Connection lost

Rejoining the realm…

Still unreachable

The connection could not be restored.

Session expired

The server has moved on; the page needs a fresh start.